 Dungeon Crawl Stone Soup version 0.29.1-12-g30fa7ad0bf (webtiles) character file.

Game seed: 1083153670166501348

7 wormed the Insei (level 2, -2/19 HPs)
             Began as a Gnoll Wanderer on Dec 27, 2022.
             Slain by a quokka (5 damage)
             ... on level 1 of the Dungeon.
             The game lasted 00:01:50 (269 turns).

wormed the Insei (Gnoll Wanderer)                    Turns: 269, Time: 00:01:50

Health: -2/19      AC:  2    Str:  8    XL:     2   Next: 4%
Magic:  5/5        EV: 12    Int: 10    God:
Gold:   59         SH:  0    Dex: 15    Spells: 6/6 levels left

rFire   . . .      SeeInvis .   a - +0 sling
rCold   . . .      Faith    .   (no shield)
rNeg    . . .      Spirit   .   e - +0 robe
rPois   .          Reflect  .   (no helmet)
rElec   .          Harm     .   (no cloak)
rCorr   .          Rampage  .   (no gloves)
Will    .....                   (no boots)
Stlth   +++.......              (no amulet)
HPRegen 0.06/turn               (no ring)
MPRegen 0.09/turn               (no ring)

@: no status effects
A: fangs 1, strong nose, distributed training
a: no special abilities


You were on level 1 of the Dungeon.
You visited 1 branch of the dungeon, and saw 1 of its levels.

You collected 59 gold pieces.

Inventory:

Hand Weapons
 a - a +0 sling (weapon)
Armour
 e - a +0 robe (worn)
Scrolls
 b - a scroll of blinking
 g - a scroll of identify {unknown}
Potions
 f - a potion of flight {unknown}
 h - a potion of berserk rage {unknown}
 i - a potion of might {unknown}
Miscellaneous
 d - a piece from Xom's chessboard (11/15)


   Skills:
 + Level 0.2 Fighting
 + Level 0.2 Short Blades
 + Level 0.2 Long Blades
 + Level 0.2 Axes
 + Level 0.2 Maces & Flails
 + Level 0.2 Polearms
 + Level 0.2 Staves
 + Level 4.4 Ranged Weapons
 + Level 0.2 Throwing
 + Level 0.2 Armour
 + Level 2.4 Dodging
 + Level 4.0 Stealth
 + Level 0.2 Shields
 + Level 6.4 Unarmed Combat
 + Level 2.6 Spellcasting
 + Level 0.1 Conjurations
 + Level 0.1 Hexes
 + Level 0.1 Summonings
 + Level 0.1 Necromancy
 + Level 0.1 Translocations
 + Level 0.1 Transmutations
 + Level 0.1 Fire Magic
 + Level 0.1 Ice Magic
 + Level 0.1 Air Magic
 + Level 0.1 Earth Magic
 + Level 0.1 Poison Magic
 + Level 0.3 Invocations
 + Level 2.4 Evocations


You had 6 spell levels left.
You didn't know any spells.
Your spell library was empty.

Dungeon Overview and Level Annotations

Branches:
Dungeon (1/15)

Altars:


Innate Abilities, Weirdness & Mutations

You have very sharp teeth.
Your uncanny sense of smell can sniff out nearby items.
Your experience applies equally to all skills.


Message History

Press: ? - help, Q - select action, (/) - cycle Shift-Dir - straight line, f/p - quokka
Aim: a quokka (lightly wounded, 46% to hit)
You shoot a sling bullet. The sling bullet hits the quokka.
The quokka is heavily wounded.
The quokka barely misses you. The quokka misses you.
Fire: a) +0 sling
Press: ? - help, Q - select action, (/) - cycle Shift-Dir - straight line, f/p - quokka
Aim: a quokka (heavily wounded, 46% to hit)
You shoot a sling bullet.
The sling bullet barely misses the quokka.
The quokka misses you. The quokka attacks as you move away!
The quokka bites you but does no damage.
Fire: a) +0 sling
Press: ? - help, Q - select action, (/) - cycle Shift-Dir - straight line, f/p - quokka
Aim: a quokka (heavily wounded, 46% to hit)
You shoot a sling bullet.
The sling bullet closely misses the quokka.
The quokka barely misses you. The quokka closely misses you.
Fire: a) +0 sling
Press: ? - help, Q - select action, (/) - cycle Shift-Dir - straight line, f/p - quokka
Aim: a quokka (heavily wounded, 46% to hit)
You shoot a sling bullet.
The sling bullet barely misses the quokka.
The quokka bites you.
* * * LOW HITPOINT WARNING * * *
Fire: a) +0 sling
Press: ? - help, Q - select action, (/) - cycle Shift-Dir - straight line, f/p - quokka
Aim: a quokka (heavily wounded, 46% to hit)
You shoot a sling bullet.
The sling bullet closely misses the quokka.
The quokka bites you.
* * * LOW HITPOINT WARNING * * *
The quokka bites you but does no damage.
Fire: a) +0 sling
Press: ? - help, Q - select action, (/) - cycle Shift-Dir - straight line, f/p - quokka
Aim: a quokka (heavily wounded, 46% to hit)
You shoot a sling bullet. The sling bullet misses the quokka.
The quokka bites you.
You die...

........#####.###..###.###.#.##
...#.......##>..#.##
##.#.###.## ##...##..#........#
#.....##.# ##.####...##...#.##
##.#.#.#.## #.#
######..##...###.###...##
#.###.......#.......## ##.##
#......†######...########.#####
#####...# ##÷### #........#
#.#.# ###@...####........#
#...# ##.r..#.##....#.##..#
##.## #.†...........#.##..# #.#
#.###.###.#...#.....# ##.# #r.
###...#...#.....# ##..# #.#. #.
##...#...#.# ######...####.#..
∆#..........# ............+.#
#. ##.......## ######...####..
∆.( #.##...##


You could see a quokka and a rat (strong, petrified).

Vanquished Creatures
  2 ball pythons (D:1)
  A bat (D:1)
  An endoplasm (D:1)
  A hobgoblin (D:1)
  2 rats (D:1)
7 creatures vanquished.

Notes
Turn   | Place    | Note
-------+----------+-------------------------------------------
     0 | D:1      | wormed the Gnoll Wanderer began the quest for the Orb.
     0 | D:1      | wormed set off with the following items: a +0 sling, a
                  | scroll of blinking, 2 potions of heal wounds, a piece from
                  | Xom's chessboard (15/15), a +0 robe.
     0 | D:1      | Reached XP level 1. HP: 13/13 MP: 4/4
   253 | D:1      | Reached XP level 2. HP: 14/19 MP: 5/5
   269 | D:1      | Slain by a quokka

Illustrated notes

Levels and vault maps discovered:
D:1:      dpeg_arrival_round_b, layout_loops_corners, minmay_indecisive_spiral

Action                   || total
-------------------------++-------
 Fire: Sling             ||    33
Evoke: Piece from Xom's  ||     4
  Use: Potion            ||     2
Armor: Robe              ||     5
Dodge: Dodged            ||    19
